 Dungeon Crawl Stone Soup version 0.30-a0-711-gf4ac18a38d (webtiles) character file.

Game seed: 12146421640250894488

844 pokeman the Thaumaturge (level 7, 0/39 HPs)
             Began as a Deep Elf Hedge Wizard on Jan 22, 2023.
             Was an Initiate of Vehumet.
             Slain by a komodo dragon (14 damage)
             ... on level 5 of the Dungeon.
             The game lasted 00:09:46 (5848 turns).

pokeman the Thaumaturge (Deep Elf Hedge Wizard)     Turns: 5848, Time: 00:09:46

Health: 0/39       AC:  5    Str:  7    XL:     7   Next: 68%
Magic:  11/20      EV: 13    Int: 21    God:    Vehumet [......]
Gold:   314        SH:  0    Dex: 20    Spells: 14/22 levels left

rFire   . . .      SeeInvis .    B - +0 arbalest
rCold   . . .      Faith    .    (shield currently unavailable)
rNeg    . . .      Spirit   .    b - +0 robe
rPois   .          Reflect  .    f - +0 helmet
rElec   .          Harm     .    z - +0 cloak
rCorr   .          Rampage  .    o - +0 pair of gloves
Will    .....                    (no boots)
Stlth   +++                      (no amulet)
HPRegen 0.26/turn                l - +6 ring of dexterity
MPRegen 0.17/turn                (no ring)

@: no status effects
A: no striking features
a: Renounce Religion


You were on level 5 of the Dungeon.
You worshipped Vehumet.
Vehumet was noncommittal.
You visited 2 branches of the dungeon, and saw 6 of its levels.

You collected 314 gold pieces.

Inventory:

Hand Weapons
 q - a +0 dagger of pain
 A - a +1 dagger of flaming
 B - a +0 arbalest (weapon)
Missiles
 n - 4 throwing nets
Armour
 b - a +0 robe (worn)
 f - a +0 helmet (worn)
 o - a +0 pair of gloves (worn)
 z - a +0 cloak (worn)
Jewellery
 l - a +6 ring of dexterity (left hand)
 C - a ring of fire
Wands
 a - a wand of flame (38)
 r - a wand of paralysis (10)
Scrolls
 c - a scroll of enchant weapon {unknown}
 g - 12 scrolls of identify {unknown}
 h - 2 scrolls of poison {unknown}
 i - 2 scrolls of enchant armour {unknown}
 j - a scroll of amnesia {unknown}
 t - 2 scrolls of blinking {unknown}
 u - a scroll of magic mapping {unknown}
 y - a scroll of fog {unknown}
Potions
 d - a potion of magic
 e - 2 potions of degeneration {unknown}
 k - a potion of invisibility {unknown}
 m - a potion of brilliance {unknown}
 p - 3 potions of flight {unknown}
 s - a potion of lignification {unknown}
 v - a potion of berserk rage {unknown}
 w - 2 potions of ambrosia {unknown}
 x - a potion of cancellation {unknown}


   Skills:
 + Level 1.9 Fighting
 - Level 1.0 Armour
 - Level 3.2 Dodging
 - Level 3.0 Stealth
 * Level 8.2 Spellcasting
 + Level 3.9 Conjurations
 + Level 2.5 Summonings
 + Level 3.0 Necromancy
 - Level 1.1 Translocations
 - Level 1.1 Air Magic
 - Level 1.1 Poison Magic
 - Level 1.1 Evocations


You had 14 spell levels left.
You knew the following spells:

 Your Spells              Type           Power      Damage    Failure   Level
a - Magic Dart            Conj           100%       1d8       1%          1
b - Mephitic Cloud        Conj/Pois/Air  17%        N/A       10%         3
c - Call Imp              Summ           19%        N/A       4%          2
d - Blink                 Tloc           26%        N/A       8%          2

Your spell library contained the following spells:

 Spells                   Type           Power      Damage    Failure   Level
 Cigotuvi's Dreadful Rot  Necr/Pois/Air  32%        N/A       5%          2
 Slow                     Hex            32%        N/A       8%          1
 Lesser Beckoning         Tloc           26%        N/A       8%          2
 Hailstorm                Conj/Ice       17%        3d6       11%         3
 Gell's Gravitas          Tloc           13%        N/A       14%         3
 Teleport Other           Tloc           13%        N/A       14%         3
 Olgreb's Toxic Radiance  Pois           13%        N/A       43%         4
 Ice Form                 Ice/Tmut       8%         N/A       61%         4
 Simulacrum               Ice/Necr       7%         N/A       100%        6
 Ozocubu's Refrigeration  Ice            4%         4d8       100%        7
 Ignition                 Fire           4%         3d4       100%        8


Dungeon Overview and Level Annotations

Branches:
Dungeon (5/15)             Temple (1/1) D:4

Altars:
Fedhas
Gozag
Kikubaaqudgha
Nemelex Xobeh
Okawaru
Vehumet
The Shining One
Lugonu

Shops:
D:3 :

Portals:
Abyss: D:4


Message History

The komodo dragon appears confused.
The komodo dragon is engulfed in noxious fumes.
The komodo dragon appears confused.
Fire: B) +0 arbalest
Press: ? - help, Q - select action, (/) - cycle Shift-Dir - straight line, f/p - komodo dragon
Aim: a komodo dragon (noxious fumes, moderately wounded, confused, 80% to hit)
You shoot a bolt.
The bolt hits the komodo dragon but does no damage.
The komodo dragon is moderately wounded.
You feel stable enough to blink again.
The komodo dragon is engulfed in noxious fumes.
The komodo dragon appears confused.
A centaur comes into view.
The komodo dragon is engulfed in noxious fumes.
Fire: B) +0 arbalest
Press: ? - help, Q - select action, (/) - cycle Shift-Dir - straight line, f/p - komodo dragon
Aim: a komodo dragon (lightly wounded, confused, 80% to hit)
You shoot a bolt. The centaur shouts!
The bolt hits the komodo dragon.
The komodo dragon is moderately wounded.
The centaur wields a +0 shortbow.
The centaur shoots an arrow.
The arrow hits you!
The centaur shoots an arrow.
The arrow hits you.
The centaur shoots an arrow.
The arrow closely misses you.
The centaur shoots an arrow.
The arrow hits you.
The centaur shoots an arrow.
The arrow hits you!
Casting: Mephitic Cloud (dangerous; 10% risk of failure)
Confirm with . or Enter, or press ? or * to list all spells.
Aiming: Mephitic Cloud (dangerous; 10% risk of failure)
Press: ? - help, Shift-Dir - straight line, f - centaur, p - komodo dragon
Aim: a centaur, wielding a +0 shortbow (chance to affect: 81%)
The ball explodes into a vile cloud!
The stinking cloud engulfs the centaur but does no damage.
The centaur is engulfed in noxious fumes.
The centaur appears confused.
The centaur is engulfed in noxious fumes.
The centaur appears confused.
The centaur is engulfed in noxious fumes.
The centaur appears confused.
The komodo dragon bites you!
You die...

......##'##..#
###...##.###
.............#
#........##.
......#......#
###........##.
...####..^...##
#........#..#.
...#
######..####
##########..#.
...#
##.##8###⌠###8
#..#. ...#
#..[.........
#..#. ####
##..l...☼....
##...>
#..@..c○○☼..
#..###
###8###8##..
#### ###


You could see a komodo dragon (confused) and a centaur (confused).

Vanquished Creatures
  Sigmund (D:4)
  An ice beast (D:5)
  A centaur (D:4)
  A necrophage (D:5)
  3 scorpions (D:5)
  3 orc wizards (D:5)
  4 gnolls (D:5)
  9 adders
  3 dart slugs
  5 orcs (D:5)
  4 ball pythons
  7 endoplasms
  5 giant cockroaches
  5 goblins
  10 hobgoblins
  6 jackals
  A quokka (D:4)
  7 bats
  5 frilled lizards
  4 kobolds
  A rat (D:2)
  2 lurking horrors (D:4)
88 creatures vanquished.

Vanquished Creatures (collateral kills)
  2 endoplasms (D:1)
  A jackal (D:1)
  A quokka (D:1)
  2 ball pythons (D:1)
  A frilled lizard (D:1)
  2 rats (D:1)
9 creatures vanquished.

Grand Total: 97 creatures vanquished

Notes
Turn   | Place    | Note
-------+----------+-------------------------------------------
     0 | D:1      | pokeman the Deep Elf Hedge Wizard began the quest for the
                  | Orb.
     0 | D:1      | Reached XP level 1. HP: 10/10 MP: 7/7
   101 | D:1      | Found a large runed translucent door.
   101 | D:1      | Found a large runed translucent door.
   426 | D:1      | Reached XP level 2. HP: 15/15 MP: 1/9
  1337 | D:2      | Reached skill level 5 in Spellcasting
  1519 | D:2      | Reached XP level 3. HP: 20/20 MP: 7/11
  1523 | D:2      | Learned a level 3 spell: Mephitic Cloud
  1526 | D:2      | Learned a level 2 spell: Call Imp
  1529 | D:2      | Learned a level 2 spell: Blink
  1819 | D:1      | Reached skill level 1 in Fighting
  1819 | D:1      | Reached skill level 1 in Armour
  2229 | D:2      | Reached XP level 4. HP: 25/25 MP: 7/13
  2566 | D:3      | Found Kaarr's Book Shoppe.
  2611 | D:3      | Found an ancient bone altar of Kikubaaqudgha.
  2611 | D:3      | Found an iron altar of Okawaru.
  3006 | D:3      | Found a faded altar of an unknown god.
  3190 | D:3      | Found a sparkling altar of Nemelex Xobeh.
  3318 | D:3      | Reached skill level 6 in Spellcasting
  3708 | D:4      | Noticed a centaur
  3729 | D:4      | Killed a centaur
  3730 | D:4      | Reached skill level 1 in Evocations
  3730 | D:4      | Reached XP level 5. HP: 21/29 MP: 1/15
  3916 | D:4      | Found a staircase to the Ecumenical Temple.
  3925 | Temple   | Entered the Ecumenical Temple
  3937 | Temple   | Became a worshipper of Vehumet
  4051 | D:4      | Noticed Sigmund
  4145 | D:4      | Killed Sigmund
  4146 | D:4      | Reached skill level 7 in Spellcasting
  4146 | D:4      | Reached skill level 1 in Necromancy
  4146 | D:4      | Reached skill level 1 in Air Magic
  4146 | D:4      | Reached skill level 1 in Poison Magic
  4146 | D:4      | Reached XP level 6. HP: 34/34 MP: 4/18
  4545 | D:4      | Found a corrupted altar of Lugonu.
  4576 | D:4      | Found a one-way gate to the infinite horrors of the Abyss.
  4731 | D:5      | Entered Level 5 of the Dungeon
  4745 | D:5      | Noticed an ice beast
  5212 | D:5      | Reached XP level 7. HP: 15/38 MP: 5/20
  5572 | D:5      | Reached skill level 8 in Spellcasting
  5832 | D:5      | Noticed a komodo dragon
  5848 | D:5      | Slain by a komodo dragon

Illustrated notes

Levels and vault maps discovered:
D:1:      erik_arrival_cave_to_civilisation [erik_arrival_cave_to_temple],
          layout_basic, hex_medium, kennysheep_nondescript,
          kennysheep_crisscross
D:2:      layout_loops_ring
D:3:      layout_loops_ring, nemelex_spade_bored_becter,
          gammafunk_temple_overflow_elements, serial_shops, shop,
          ebering_ecumenical_altar_webs, amcnicky_mini_rare_corridor_liquid,
          roderic_roman_lattice, minmay_goblin_outpost
D:4:      layout_cave_pools, minmay_temple_entry_stoned_glass,
          amcnicky_altar_lugonu_corruption, uniq_sigmund
D:5:      layout_basic, serial_corexii_hall, corexii_hall_statues_x,
          chequers_hall_statues_corner_a, corexii_hall_statues_l,
          corexii_hall_statues_l, minmay_misc_feat_room
Temple:   nicolae_temple_superstar

Skill      XL: |  1  2  3  4  5  6  7 |
---------------+----------------------+-----
Spellcasting   | 5 6 7 8 |  8.2
Fighting       | 1 |  1.9
Armour         | 1 |  1.0
Conjurations   | 2 3 |  3.9
Stealth        | 3 |  3.0
Dodging        | 3 |  3.2
Evocations     | 1 |  1.1
Necromancy     | 1 2 3 |  3.0
Air Magic      | 1 |  1.1
Poison Magic   | 1 |  1.1
Summonings     | 2 |  2.5
Translocations | |  1.1

Action                     |  1- 3 |  4- 6 |  7- 9 || total
---------------------------+-------+-------+-------++-------
  Melee: Dagger            |    20 |    29 |     1 ||    50
   Fire: Arbalest          |       |       |    32 ||    32
   Cast: Magic Dart        |    71 |   125 |    13 ||   209
         Mephitic Cloud    |     2 |     8 |     6 ||    16
         Call Imp          |     2 |     1 |     1 ||     4
         Blink             |       |       |     2 ||     2
   Stab: Sleeping          |       |     1 |       ||     1
         Confused          |       |     1 |       ||     1
 Armour: Robe              |     6 |    32 |     6 ||    44
  Dodge: Dodged            |    14 |    43 |    16 ||    73

Table legend: (Time is in decaauts)
 A = Elapsed time spent in this place.
 B = Non-inter-level travel time spent in this place.
 C = Inter-level travel time spent in this place.
 D = Time resting spent in this place.
 E = Time spent auto-exploring this place.
 F = Levels seen in this place.
 G = Mean time per level.
                   A        B        C        D        E       F      G
               +--------+--------+--------+--------+--------+-----+--------+
         Total |   5861 |   5651 |    210 |    345 |   4598 |   6 |  976.8 |
       Dungeon |   5839 |   5635 |    204 |    345 |   4594 |   5 | 1167.8 |
        Temple |     22 |     16 |      6 |      0 |      4 |   1 |   22.0 |
               +--------+--------+--------+--------+--------+-----+--------+

Top non-repeatable levels by time:
     D:1: 1688 daAuts
     D:3: 1217 daAuts
     D:4: 1067 daAuts
     D:5: 1049 daAuts
     D:2: 816 daAuts
  Temple: 22 daAuts
